 Dungeon Crawl Stone Soup version 0.27-a0-679-g77a6b55cf3 (webtiles) character file.

Game seed: 15428724974607218069

148 Aapotti the Gusty (level 4, -3/34 HPs)
             Began as a Demigod Air Elementalist on Mar 19, 2021.
             Slain by Menkaure (14 damage)
             ... on level 4 of the Dungeon.
             The game lasted 00:11:39 (4175 turns).

Aapotti the Gusty (Demigod Air Elementalist)        Turns: 4175, Time: 00:11:39

Health: -3/34      AC:  4    Str: 19    XL:     4   Next: 82%
Magic:  4/10       EV: 12    Int: 17    God:
Gold:   103        SH:  0    Dex: 14    Spells: 2/8 levels left

rFire    . . .     SeeInvis .   s - +1 short sword (venom)
rCold    . . .     Faith    .   (no shield)
rNeg     . . .     Spirit   .   a - +0 robe
rPois    .         Reflect  .   h - +0 helmet
rElec    .         Harm     .   (no cloak)
rCorr    .         Rampage  .   (no gloves)
Will     .....                  q - +0 pair of boots
Stlth    ++........             (no amulet)
HPRegen  0.11/turn              r - +6 ring of strength
MPRegen  0.12/turn              (no ring)

@: brilliant, very slightly contaminated
A: high mp 1, forlorn
a: no special abilities


You were on level 4 of the Dungeon.
You visited 1 branch of the dungeon, and saw 4 of its levels.

You collected 103 gold pieces.

Inventory:

Hand Weapons
 s - a +1 short sword of venom (weapon)
Armour
 a - a +0 robe (worn)
 h - a +0 helmet (worn)
 q - a +0 pair of boots (worn)
 t - a +0 ring mail
Jewellery
 r - a +6 ring of strength (right hand)
Scrolls
 e - a scroll of noise {unknown}
 g - a scroll of fear {unknown}
 i - 7 scrolls of identify {unknown}
 j - a scroll of immolation {unknown}
 k - a scroll of fog {unknown}
 m - a scroll of brand weapon {unknown}
 n - 3 scrolls of teleportation {unknown}
Potions
 b - a potion of heal wounds {unknown}
 c - a potion of ambrosia {unknown}
 d - a potion of curing
 f - a potion of lignification {unknown}
 l - 2 potions of brilliance
 o - 2 potions of might {unknown}
 p - a potion of magic {unknown}
 u - a potion of mutation {unknown}


   Skills:
 + Level 0.7 Fighting
 + Level 2.7 Dodging
 - Level 2.0 Stealth
 + Level 2.6 Spellcasting
 + Level 2.1 Conjurations
 + Level 3.4 Air Magic


You had 2 spell levels left.
You knew the following spells:

 Your Spells              Type           Power      Damage    Failure   Level
a - Shock                 Conj/Air       68%        1d7       6%          1
b - Static Discharge      Conj/Air       17%        N/A       17%         3
c - Swiftness             Air            20%        N/A       7%          2

Your spell library contained the following spells:

 Spells                   Type           Power      Damage    Failure   Level
 Airstrike                Air            10%        N/A       41%         4
 Lightning Bolt           Conj/Air       8%         1d21      85%         5


Dungeon Overview and Level Annotations

Branches:
Dungeon (4/15)
 Temple: D:4-7

Annotations:
D:4 Menkaure


Innate Abilities, Weirdness & Mutations

Your attributes grow dramatically as you level up.
You have an increased reservoir of magic. (+10% MP)
You shall have no god before yourself.


Message History

Menkaure mumbles some strange words.
Menkaure seems to speed up.
You hit Menkaure but do no damage.
Menkaure is lightly damaged.
Menkaure hits you.
You barely miss Menkaure.
Menkaure is lightly damaged.
Menkaure misses you.
You barely miss Menkaure.
Menkaure is lightly damaged.
Menkaure whispers in an indecipherable tongue.
Menkaure hits you. Menkaure barely misses you.
It was a potion of brilliance.
You feel clever all of a sudden. Menkaure closely misses you.
Casting: Shock (safe; 6% risk of failure)
Confirm with . or Enter, or press ? or * to list all spells.
Okay, then.
Casting: Shock (safe; 6% risk of failure)
Confirm with . or Enter, or press ? or * to list all spells.
The spell is quite dangerous to cast (17% risk of failure)!
Continue anyway?
You feel a surge of power!
Menkaure is struck by an arc of lightning.
Menkaure is moderately damaged.
The lightning grounds out.
Menkaure hits you but does no damage.
Casting: Static Discharge (quite dangerous; 17% risk of failure)
Confirm with . or Enter, or press ? or * to list all spells.
The spell is quite dangerous to cast (17% risk of failure)!
Continue anyway?
You feel a surge of power!
Menkaure is struck by an arc of lightning!
Menkaure is severely damaged.
The lightning grounds out.
Menkaure hits you!
Casting: Static Discharge (quite dangerous; 17% risk of failure)
Confirm with . or Enter, or press ? or * to list all spells.
The spell is quite dangerous to cast (17% risk of failure)!
Continue anyway?
You feel a surge of power!
You miscast Static Discharge.
You are very lightly contaminated with residual magic.
You feel a strange surge of energy. Menkaure barely misses you.
Menkaure hits you!
You die...

.### ##################
.... #...........>.....
.###..#.################
.......@# ........M.#
.......##.# .###... .#
..... . ####.# .# #. #
#. ######## .......<


You could see Menkaure (fast).

Vanquished Creatures
  A gnoll (D:1)
  5 adders
  2 oozes
  2 worms (D:2)
  6 dart slugs
  4 leopard geckos
  6 orcs (D:3)
  3 bats
  A giant cockroach (D:2)
  9 goblins
  6 hobgoblins
  5 kobolds
  A quokka (D:2)
  2 ball pythons
  A frilled lizard (D:4)
  3 rats (D:1)
57 creatures vanquished.

Vanquished Creatures (others)
  A plant (D:2)
1 creature vanquished.

Grand Total: 58 creatures vanquished

Notes
Turn   | Place    | Note
-------+----------+-------------------------------------------
     0 | D:1      | Aapotti the Demigod Air Elementalist began the quest for
                  | the Orb.
     0 | D:1      | Reached XP level 1. HP: 14/14 MP: 5/5
    45 | D:1      | Reached skill level 1 in Conjurations
   244 | D:1      | Reached XP level 2. HP: 20/20 MP: 0/7
   761 | D:1      | Reached skill level 3 in Air Magic
  1191 | D:1      | Reached XP level 3. HP: 26/26 MP: 3/8
  2185 | D:2      | Learned a level 3 spell: Static Discharge
  2188 | D:2      | Learned a level 2 spell: Swiftness
  2358 | D:2      | Reached XP level 4. HP: 23/33 MP: 0/10
  4166 | D:4      | Noticed Menkaure
  4175 | D:4      | Slain by Menkaure

Illustrated notes

Levels and vault maps discovered:
D:1:      wander_arrival_estate, layout_basic, minmay_tromino_mix6
D:2:      layout_loops_ring, wad_woods_river_04
D:3:      layout_basic, general_overflow_altar, minivault_24
D:4:      lemuel_castle_with_subvaults [lemuel_castle_interior_original],
          layout_loops_ring, uniq_menkaure

Skill      XL: |  1  2  3  4 |
---------------+-------------+-----
Conjurations   | 1 2 |  2.1
Dodging        | 2 |  2.7
Stealth        | 2 |  2.0
Spellcasting   | 2 |  2.6
Air Magic      | 3 |  3.4
Fighting       | |  0.7

Action                   |  1- 3 |  4- 6 || total
-------------------------+-------+-------++-------
Melee: Unarmed           |    10 |       ||    10
       Short sword       |     1 |    22 ||    23
 Cast: Shock             |    85 |    62 ||   147
       Static Discharge  |       |     2 ||     2
  Use: Potion            |       |     1 ||     1
 Stab: Sleeping          |       |     1 ||     1
Armor: Robe              |     5 |     4 ||     9
Dodge: Dodged            |    18 |    18 ||    36

Table legend: (Time is in decaauts)
 A = Elapsed time spent in this place.
 B = Non-inter-level travel time spent in this place.
 C = Inter-level travel time spent in this place.
 D = Time resting spent in this place.
 E = Time spent auto-exploring this place.
 F = Levels seen in this place.
 G = Mean time per level.
                   A        B        C        D        E       F      G
               +--------+--------+--------+--------+--------+-----+--------+
         Total |   4187 |   4124 |     63 |   1568 |   1929 |   4 | 1046.8 |
       Dungeon |   4187 |   4124 |     63 |   1568 |   1929 |   4 | 1046.8 |
               +--------+--------+--------+--------+--------+-----+--------+

Top non-repeatable levels by time:
     D:2: 1611 daAuts
     D:1: 1349 daAuts
     D:3: 1074 daAuts
     D:4: 153 daAuts
